 Dungeon Crawl Stone Soup version 0.23.2-40-g277498a001 (webtiles) character file.

Game seed: 585379801934607285

213 Glalom the Chopper (level 5, -2/67 HPs)
             Began as a Minotaur Fighter on Oct 6, 2019.
             Killed from afar by an orc wizard (9 damage)
             ... with a puff of flame
             ... on level 3 of the Dungeon.
             The game lasted 00:10:31 (3307 turns).

Glalom the Chopper (Minotaur Fighter)               Turns: 3307, Time: 00:10:32

Health: -2/67      AC: 22    Str: 21    XL:     5   Next: 59%
Magic:  4/4        EV:  2    Int:  5    God:
Gold:   108        SH:  0    Dex: 10    Spells: 4/4 levels left

rFire    . . .     SeeInvis .   a - +0 war axe
rCold    . . .     Gourm    .   (no shield)
rNeg     + + +     Faith    .   (armour currently unavailable)
rPois    +         Spirit   .   (helmet currently unavailable)
rElec    .         Reflect  .   (cloak currently unavailable)
rCorr    .         Harm     .   (gloves currently unavailable)
MR       .....     NoTele   +   (boots currently unavailable)
Stlth    +.........             (no amulet)
HPRegen  0.21/turn              (no ring)
MPRegen  0.09/turn              (no ring)

@: confused, tree-form
A: (retaliatory headbutt)
a: no special abilities


You were on level 3 of the Dungeon.
You were hungry.
You were a tree.
You visited 1 branch of the dungeon, and saw 3 of its levels.

You collected 108 gold pieces.

Inventory:

Hand Weapons
 a - a +0 war axe (weapon)
 b - a +0 hunting sling
   (You found it on level 2 of the Dungeon)
 g - a +0 whip of electrocution
   (You took it off a kobold on level 1 of the Dungeon)
Missiles
 j - 93 stones (quivered)
Armour
 c - a +0 shield
 n - a +0 scale mail (melded)
Jewellery
 k - an uncursed ring of poison resistance {unknown}
   (You found it on level 1 of the Dungeon)
Wands
 t - a wand of flame (25)
   (You found it on level 3 of the Dungeon)
Scrolls
 f - 3 scrolls of enchant weapon {unknown}
 h - 3 scrolls of identify {unknown}
 l - a scroll of teleportation {unknown}
 q - a scroll of blinking {unknown}
 s - a scroll of magic mapping {unknown}
 u - a scroll of amnesia {unknown}
 v - a scroll of immolation {unknown}
Potions
 d - 2 potions of might
 i - a potion of lignification {!q}
 m - 2 potions of magic {unknown}
 o - a potion of agility
 p - a potion of flight {unknown}
 r - a potion of curing {unknown}
Comestibles
 e - 7 rations {!d}


   Skills:
 - Level 3.6 Fighting
 * Level 7.2 Axes
 - Level 3.6 Armour
 - Level 3.6 Shields


You had 4 spell levels left.
You didn't know any spells.
Your spell library was empty.

Dungeon Overview and Level Annotations

Branches:
Dungeon (3/15)

Altars:
Dithmenos
Gozag
Nemelex Xobeh

Annotations:
D:2 Sigmund


Innate Abilities, Weirdness & Mutations

((You reflexively headbutt those who attack you in melee.))
((You have a pair of horns on your head.))


Message History

You kill the orc priest!
Your Axes skill increases to level 7!
You hit something but do no damage. Something hits you but does no damage.
You closely miss something.
You hear some strange, mumbled words.
You are confused.
You cannot move. (Use ctrl+direction or * direction to attack without moving.)
You cannot move. (Use ctrl+direction or * direction to attack without moving.)
You cannot move. (Use ctrl+direction or * direction to attack without moving.)
You cannot move. (Use ctrl+direction or * direction to attack without moving.)
You cannot move. (Use ctrl+direction or * direction to attack without moving.)
You completely miss something. Something hits you but does no damage.
You closely miss something.
You hear some strange, mumbled words.
A magic dart appears from out of thin air!
The magic dart hits you but does no damage.
You barely miss something. Something hits you but does no damage.
Something hits you but does no damage.
You completely miss something.
You hear some strange, mumbled words.
A magic dart appears from out of thin air!
The magic dart hits you but does no damage.
You barely miss something. Something hits you but does no damage.
You barely miss something. Something hits you but does no damage.
You completely miss something.
You feel less confused. Something hits you but does no damage.
You closely miss something. Something hits you but does no damage.
You miss something. Something hits you but does no damage.
You slash something!
You hear some strange, mumbled words.
A puff of flame appears from out of thin air!
The puff of flame hits you but does no damage.
Something hits you but does no damage.
You barely miss something.
You hear some strange, mumbled words.
You are confused.
You cannot move. (Use ctrl+direction or * direction to attack without moving.)
You completely miss something.
You hear some strange, mumbled words.
A puff of flame appears from out of thin air!
The puff of flame hits you!
You die...

##
#.#########..#....##.....
..
.........................
###.
#.#######.....######.....
.).##.# #.##.## ###.....
####....# #.##.# #......)
..........## ##.##.#
#.###..# ..# #...##
#..##.### #.###..# ..#
#.#..# #.###...###.#....#
..# #.##.####♣#
###.....#.##.# ..##
#.##....){# ##......##.#
...# #o###...###
##.##..#..# ...###
#o###.#...# ###.#......#
.....###o.#..###.#
###........#.#
............##
...#.....#..#...#
.........#...# #.#
..##..#...##
.........###.# ...##
#....#..#
................ ..#
##.#####.#


There were no monsters in sight!

Vanquished Creatures
  An orc priest (D:3)
  An orc wizard (D:3)
  Natasha (D:3)
  Robin (D:2)
  4 adders
  An ooze (D:3)
  A worm (D:3)
  3 dart slugs
  2 leopard geckos
  2 orcs (D:3)
  6 giant cockroaches
  12 goblins
  7 hobgoblins
  4 jackals (D:1)
  A quokka (D:2)
  A ball python (D:1)
  5 bats
  4 frilled lizards
  7 kobolds
  8 rats
72 creatures vanquished.

Notes
Turn   | Place    | Note
-------+----------+-------------------------------------------
     0 | D:1      | Glalom the Minotaur Fighter began the quest for the Orb.
     0 | D:1      | Reached XP level 1. HP: 19/19 MP: 0/0
    64 | D:1      | Reached skill level 3 in Axes
   119 | D:1      | Reached XP level 2. HP: 19/26 MP: 1/1
   336 | D:1      | Reached skill level 4 in Axes
   922 | D:2      | Reached XP level 3. HP: 26/31 MP: 2/2
  1019 | D:2      | Noticed Robin
  1032 | D:2      | Reached skill level 5 in Axes
  1050 | D:2      | Killed Robin
  1050 | D:2      | Reached XP level 4. HP: 17/39 MP: 3/3
  1409 | D:2      | Found a shadowy altar of Dithmenos.
  1410 | D:2      | Noticed Sigmund
  2201 | D:2      | Found an opulent altar of Gozag.
  2202 | D:2      | Found a sparkling altar of Nemelex Xobeh.
  2865 | D:3      | Reached skill level 6 in Axes
  2892 | D:3      | Noticed Natasha
  2901 | D:3      | Killed Natasha
  2901 | D:3      | Reached XP level 5. HP: 27/45 MP: 4/4
  3283 | D:3      | HP: 2/45 [orc wizard/puff of frost (6)]
  3294 | D:3      | Reached skill level 7 in Axes
  3307 | D:3      | Killed from afar by an orc wizard

Skill      XL: |  1  2  3  4  5 |
---------------+----------------+-----
Axes           | 3 4 5 6 7 |  7.2
Fighting       | |  3.6
Armour         | |  3.6
Shields        | |  3.6

Action                   |  1- 3 |  4- 6 || total
-------------------------+-------+-------++-------
Melee: War axe           |    88 |    89 ||   177
       Headbutt          |     9 |     8 ||    17
 Fire: Hunting sling     |       |     8 ||     8
  Use: Potion            |       |     1 ||     1
  Eat: Chunk             |       |     7 ||     7
Armor: Scale mail        |    41 |    30 ||    71
       Skin              |       |    20 ||    20
Dodge: Dodged            |    47 |    34 ||    81
